Map: Orbital Shipyard

Players

SticklerMac - Winner!

  • Race: Zerg Zerg
  • League: Grandmaster

thekohinoor

  • Race: Terran Terran
  • League: Grandmaster

VOD

Have the link to the VOD?

Description

Time

  • Played on: Sept. 19, 2015, 4:52 p.m.
  • Length: 5:21
Show
View Real Time Build Order
Export as new Build Order

SticklerMac Zerg - Winner!

Build Orders: Hatch First, Zergling Baneling 

Get SALT Encoding   

  12  0:01  Drone  
  13  0:09  Drone  
  14  0:17  Overlord  
  14  0:26  Overlord  
  14  0:37  Drone  
  14  0:38  Drone  
  16  0:44  Drone  
  17  1:01  Hatchery  
  17  1:04  Drone  
  17  1:06  Drone  
  18  1:17  Drone  
  19  1:24  Spawning Pool  
  18  1:27  Drone  
  19  1:34  Extractor  
  19  1:38  Drone  
  19  1:50  Drone  
  20  2:00  Drone  
  21  2:11  Drone  
  21  2:12  Queen  
  21  2:13  Queen  
  21  2:14  Drone  
  27  2:21  Drone  
  28  2:25  Drone  
  29  2:31  Drone  
  29  2:33  Baneling Nest  
  29  2:35  Drone  
  30  2:42  Drone  
  31  2:47  Overlord  
  31  2:50  Queen x2  
  35  2:55  Drone  
  36  2:59  Overlord  
  36  3:09  Overlord  
  36  3:15  Overlord  
  36  3:17  Zergling x2  
  37  3:21  Zergling x2  
  38  3:30  Zergling x16  
  46  3:40  Zergling x4  
  48  3:46  Metabolic Boost  
  48  3:47  Zergling x2  
  48  3:48  Zergling x2  
  50  3:55  Zergling x2  
  50  3:57  Zergling x2  
  52  4:08  Zergling x12  
  52  4:09  Zergling x4  
  60  4:14  Overlord  
  60  4:27  Overlord x2  
  60  4:35  Baneling  
  60  4:36  Baneling x9  
  60  4:38  Zergling x4, Baneling  
  60  4:43  Drone  
  60  4:44  Extractor  
  62  5:01  Zergling x2  
  62  5:02  Zergling x14  
  62  5:03  Zergling x2  
Show
View Real Time Build Order
Export as new Build Order

thekohinoor Terran 

Build Orders:  

Get SALT Encoding   

  12  0:01  SCV  
  13  0:13  SCV  
  14  0:24  Supply Depot  
  14  0:25  SCV  
  15  0:46  SCV  
  15  0:48  Barracks  
  16  0:50  Refinery  
  16  0:58  SCV  
  17  1:10  SCV  
  18  1:21  Barracks  
  18  1:22  SCV  
  19  1:34  SCV  
  19  1:36  Refinery  
  19  1:38  Marine  
  21  1:40  Supply Depot  
  21  1:49  Orbital Command  
  21  1:59  Factory, Marine  
  22  2:08  Barracks Tech Lab  
  22  2:17  Marine  
  23  2:29  Stimpack  
  23  2:30  Marine  
  24  2:41  Marine  
  25  2:50  Starport  
  25  2:52  Marine  
  26  2:59  SCV, Marine  
  28  3:11  SCV  
  29  3:16  Command Center, Marine  
  29  3:17  Marine  
  31  3:31  Supply Depot  
  31  3:35  Factory Reactor  
  31  3:53  SCV, Medivac  
  34  3:55  Marine x2  
  36  4:05  SCV  
  37  4:20  SCV  
  38  4:30  Medivac  
  40  4:35  Widow Mine  
  42  4:42  Bunker  
  42  4:44  Supply Depot  
  42  4:45  Supply Depot  
  42  4:47  Supply Depot  
  42  4:48  Marine  
  42  4:49  Supply Depot  
  43  4:56  Supply Depot  
Tags
 
Add a new tag
Caveats
  • Supply blocks, unpowered buildings, or Contaminate may cause inaccurate times.
  • Supply counts are checked every 10 seconds.